 Dungeon Crawl Stone Soup version 0.23.2-32-g37ab1d4649 (webtiles) character file.

Game seed: 13818822536167328577

177431 Ivernyr the Hand of Fortune (level 17, -6/95 HPs)
             Began as a Vine Stalker Fighter on June 24, 2019.
             Was the Champion of Nemelex Xobeh.
             Mangled by a tarantella (9 damage)
             ... on level 2 of the Spider Nest on June 25, 2019.
             The game lasted 03:16:58 (28704 turns).

Ivernyr the Hand of Fortune (Vine Stalker Fighter) Turns: 28704, Time: 03:16:58

Health: -6/95      AC: 25    Str: 25    XL:     17   Next: 85%
Magic:  0/28       EV: 15    Int:  8    God:    Nemelex Xobeh [******]
Gold:   1617       SH:  0    Dex: 25    Spells: 16/16 levels left

rFire    + . .     SeeInvis +   q - +9 scimitar (freeze)
rCold    + + .     Gourm    .   E - +2 shield of Resistance {rF+ rC+ MR+}
rNeg     . . .     Faith    .   c - +4 chain mail {rPois}
rPois    +         Spirit   +   V - +0 helmet
rElec    .         Reflect  .   p - scarf {repulsion}
rCorr    .         Harm     .   U - +2 pair of gloves
MR       +++..                  n - +0 pair of boots
Stlth    ..........             J - amulet of Fetuseph {RegenMP Slay+3 SInv}
HPRegen  1.05/turn              j - +2 ring of protection
MPRegen  0.46/turn              G - ring of protection from cold

@: confused, mighty, agile, very slightly contaminated, invisible, repel
missiles
A: fangs 3, regeneration 2, magic shield, antimagic bite, no potion heal 3, rot
immunity
}: 1/15 runes: decaying
a: Draw Escape, Draw Destruction, Draw Summoning, Triple Draw, Deal Four, Stack
Five, Renounce Religion


You were on level 2 of the Spider Nest.
You worshipped Nemelex Xobeh.
Nemelex Xobeh was exalted by your worship.
You were not hungry.

You visited 6 branches of the dungeon, and saw 30 of its levels.
You visited the Abyss 1 time.
You also visited: Ossuary and Ice Cave.

You collected 3137 gold pieces.
You spent 1520 gold pieces at shops.

Inventory:

Hand Weapons
 q - a +9 scimitar of freezing (weapon)
 Y - a +0 scimitar of holy wrath
Armour
 c - a +4 chain mail of poison resistance (worn)
 n - a +0 pair of boots (worn)
 p - a scarf of repulsion (worn)
 E - the +2 shield of Resistance (worn) {rF+ rC+ MR+}
   (You bought it in a shop on level 2 of the Orcish Mines)

   It protects you from fire.
   It protects you from cold.
   It affects your resistance to hostile enchantments.
 U - a +2 pair of gloves (worn)
 V - a +0 helmet (worn)
Jewellery
 j - a +2 ring of protection (left hand)
 k - an uncursed ring of see invisible
 w - an uncursed ring of resist corrosion
 y - an uncursed ring of protection from magic
 G - a ring of protection from cold (right hand)
 I - an uncursed ring of positive energy
 J - the amulet of Fetuseph (around neck) {RegenMP Slay+3 SInv}
   (You found it in an ice cave)

   [amulet of magic regeneration]

   It increases your magic regeneration.
   It affects your accuracy and damage with ranged weapons and melee attacks
   (+3).
   It lets you see invisible.
 M - an uncursed ring of poison resistance
 R - an uncursed ring of flight
Wands
 v - a wand of random effects (58)
 C - a wand of iceblast (19)
 F - a wand of scattershot (4)
 H - a wand of paralysis (50)
 N - a wand of clouds (6)
 O - a wand of acid (11)
 P - a wand of flame (18)
 T - a wand of disintegration (23)
 X - a wand of digging (13)
Scrolls
 a - 2 scrolls of fog
 b - 6 scrolls of amnesia
 e - 3 scrolls of enchant armour
 o - 14 scrolls of teleportation
 r - 11 scrolls of remove curse
 z - a scroll of identify
 D - 6 scrolls of magic mapping
 Q - a scroll of silence
 S - 2 scrolls of fear
 Z - 2 scrolls of enchant weapon
Potions
 d - 7 potions of might
 g - 7 potions of haste
 h - 6 potions of mutation
 i - 4 potions of magic
 m - 4 potions of invisibility
 s - 4 potions of brilliance {unknown}
 t - 2 potions of agility
 u - 10 potions of curing
 x - 7 potions of flight
 A - 2 potions of berserk rage {unknown}
 B - a potion of ambrosia {unknown}
 K - a potion of cancellation {unknown}
 L - 5 potions of heal wounds {unknown}
Comestibles
 f - 50 rations


   Skills:
 + Level 13.3 Fighting
 + Level 13.2 Long Blades
 + Level 12.3 Armour
 - Level 2.0 Dodging
 + Level 13.3 Shields
 + Level 13.7 Invocations


You had 16 spell levels left.
You didn't know any spells.
Your spell library contained the following spells:

 Spells                   Type           Power        Failure   Level  Hunger
 Confusing Touch          Hex            #.....       94%         1    ##.....
 Corona                   Hex            #......      94%         1    ##.....
 Magic Dart               Conj           #...         94%         1    ##.....
 Summon Butterflies       Summ           #.......     94%         1    ##.....
 Corpse Rot               Necr           N/A          98%         2    ###....
 Ensorcelled Hibernation  Hex/Ice        #.....       98%         2    ###....
 Searing Ray              Conj           #.....       98%         2    ###....
 Sublimation of Blood     Necr           #.........   98%         2    ###....
 Call Canine Familiar     Summ           #.......     100%        3    ####...
 Confuse                  Hex            #.......     100%        3    ####...
 Dazzling Spray           Conj/Hex       #.....       100%        3    ####...
 Gell's Gravitas          Tloc           #.........   100%        3    ####...
 Inner Flame              Hex/Fire       #.......     100%        3    ####...
 Tukima's Dance           Hex            #.......     100%        3    ####...
 Force Lance              Conj/Tloc      #.......     100%        4    #####..
 Fulminant Prism          Conj/Hex       #.........   100%        4    #####..
 Ice Form                 Ice/Tmut       #.......     100%        4    #####..
 Iskenderun's Mystic Bla  Conj           #.......     100%        4    #####..
 Petrify                  Tmut/Erth      #.......     100%        4    #####..
 Summon Ice Beast         Ice/Summ       #.......     100%        4    #####..
 Agony                    Necr           #.......     100%        5    ######.
 Blade Hands              Tmut           #.........   100%        5    ######.
 Bolt of Draining         Conj/Necr      #.........   100%        5    ######.
 Bolt of Magma            Conj/Fire/Erth #.........   100%        5    ######.
 Dispel Undead            Necr           #.......     100%        5    ######.
 Excruciating Wounds      Chrm/Necr      #.........   100%        5    ######.
 Iskenderun's Battlesphe  Conj/Chrm      #.......     100%        5    ######.
 Metabolic Englaciation   Hex/Ice        #.........   100%        5    ######.
 Summon Mana Viper        Hex/Summ       #.......     100%        5    ######.
 Venom Bolt               Conj/Pois      #.........   100%        5    ######.
 Yara's Violent Unravell  Hex/Tmut       #.........   100%        5    ######.
 Dispersal                Tloc           #.........   100%        6    #######
 Iron Shot                Conj/Erth      #.........   100%        6    #######
 Orb of Destruction       Conj           #.........   100%        7    #######
 Spellforged Servitor     Conj/Summ      #.........   100%        7    #######
 Summon Hydra             Summ           #.........   100%        7    #######
 Disjunction              Tloc           #.........   100%        8    #######


Dungeon Overview and Level Annotations

Branches:
Dungeon (15/15)            Temple (1/1) D:4            Lair (6/6) D:11
  Swamp (4/4) Lair:3       Spider (2/4) Lair:3        Slime (0/5) Lair:6
    Orc (2/2) D:12            Elf (0/3) Orc:2        Vaults (0/5) D:14
 Depths (0/5) D:15

Altars:
Ashenzari
Cheibriados
Elyvilon
Fedhas
Gozag
Hepliaklqana
Kikubaaqudgha
Makhleb
Nemelex Xobeh
Okawaru
Ru
Sif Muna
Trog
Vehumet
Jiyva

Shops:
D:11 [   Orc:2 [*:=

Annotations:
D:9 1 runed translucent door, Ananasrisotto's ghost, novice GrFi
D:13 3 runed translucent doors


Innate Abilities, Weirdness & Mutations

You have razor-sharp teeth.
You heal very quickly.
When hurt, damage is shared between your health and your magic reserves.
Your bite disrupts and absorbs the magic of your enemies.
Potions cannot restore your health.
You are immune to rotting.


Message History

The redback bites you but does no damage.
The jumping spider pounces on you but does no damage.
The jumping spider misses you. The redback bites you.
* * * LOW HITPOINT WARNING * * *
The redback barely misses you. The redback closely misses you.
Your soul eater hits the jumping spider!!
The tarantella barely misses you. The redback completely misses you.
The redback closely misses you.
The jumping spider pounces on you but does no damage.
The jumping spider bites you but does no damage.
The redback misses you. The redback barely misses you.
The tarantella misses you. The redback bites you.
* * * LOW HITPOINT WARNING * * *
The jumping spider misses you. The jumping spider closely misses you.
The redback closely misses you. The redback barely misses you.
The redback bites you!
* * * LOW HITPOINT WARNING * * *
The tarantella bites you!
You die...
Your body glows with a rainbow of weird colours and disappears.

..............)<.......
.......................
.......................
.............##≈##.....
..>..............≈#....
......#####.......≈#...
...####^...........#####≈
..##..^.......^sss.......
###.............@s.......
#^^.....[.....R.ss§......
..............#.3..$.....
..#...........#.........#
..#...........#..........
..##.........^##...#.....
###≈...#....#..##..#.....
##≈#####....≈.##..##<....
≈≈.#≈.......≈≈# ### ....


You could see a jumping spider, a tarantella, 4 redbacks, a friendly rakshasa
and a friendly soul eater (confused).

Vanquished Creatures
  Jorgrun (D:12)
  Rupert (D:14)
  Kirke (Spider:2)
  Agnes (D:14)
  6 thorn hunters
  Roxanne (D:15)
  Louise (D:15)
  A very ugly thing (Abyss:3)
  Azrael (Spider:2)
  A lorocyproca (Abyss:3)
  2 ettins
  2 fire dragons (Lair:6)
  Josephine (D:15)
  2 shambling mangroves
  2 centaur warriors (D:15)
  A naga warrior (Abyss:3)
  18 hydras
  2 ghost crabs
  A catoblepas (D:15)
  6 alligators
  3 tengu warriors
  2 orc high priests (Orc:2)
  4 hell hogs (Abyss:3)
  A death yak (Lair:6)
  Nergalle (D:10)
  A fire crab (shapeshifter) (D:14)
  A fire crab (Spider:1)
  2 wretched stars (Abyss:3)
  A glowing orange brain (Spider:1)
  10 swamp dragons
  A deep troll (D:15)
  A death drake (Spider:1)
  3 lindwurms
  3 spriggan druids
  A deep elf archer (D:15)
  2 orc knights
  An unseen horror (Abyss:3)
  2 orb spiders
  A mana viper (shapeshifter) (D:14)
  A manticore (D:13)
  3 orc sorcerers
  7 ugly things
  2 wolf spiders (Spider:1)
  2 cyclopes
  A shining eye (Spider:1)
  A faun (shapeshifter) (D:14)
  2 worldbinders (Abyss:3)
  The ghost of 1Viktor the Covered, a novice GrFi (D:6)
  A water nymph (Spider:1)
  An elephant (Lair:6)
  2 apocalypse crabs
  3 ice statues (IceCv)
  13 spiny frogs
  4 centaur skeletons
  4 black mambas
  5 torpor snails
  5 rime drakes
  An efreet (D:13)
  A gargoyle (D:12)
  8 komodo dragons
  A demonic crawler (Spider:1)
  A yaktaur (D:15)
  A merfolk (D:11)
  6 jumping spiders
  4 trolls
  2 ice devils (Orc:2)
  A tengu conjurer (D:15)
  2 queen bees
  2 meliai (D:13)
  3 polar bears (Lair:6)
  15 tyrant leeches
  14 hornets
  19 slime creatures
  25 blink frogs
  4 bog bodies
  7 hippogriffs
  2 dream sheep
  26 redbacks
  2 flying skulls (Abyss:3)
  A large abomination (Abyss:3)
  5 spriggans
  A shadow (Swamp:1)
  5 wyverns
  3 tarantellas
  A centaur simulacrum (D:15)
  5 fire elementals
  3 wraiths (D:15)
  3 hogs
  A human (Lair:3)
  47 yaks
  7 basilisks
  A hungry ghost (D:15)
  3 chaos spawn (Abyss:3)
  2 steam dragons (Lair:6)
  13 vampire mosquitoes
  7 wargs
  7 insubstantial wisps (Swamp:4)
  3 nagas (Abyss:3)
  18 swamp worms
  2 two-headed ogre zombies (D:12)
  An acid dragon (D:9)
  3 hell hounds
  A soldier ant (Lair:6)
  10 water moccasins
  4 porcupines
  8 ice beasts
  27 swamp drakes
  3 sky beasts
  An eye of draining (Abyss:3)
  19 orc warriors
  2 black bears
  An elephant zombie (Lair:5)
  A necrophage (D:13)
  A small abomination (Abyss:3)
  8 phantoms
  3 boggarts (D:15)
  3 centaurs
  7 ogres
  17 wolves
  10 crocodiles
  A big kobold (D:11)
  22 bullfrogs
  A scorpion (D:6)
  2 troll zombies (D:12)
  A wyvern skeleton (D:14)
  16 killer bees
  4 howler monkeys
  3 electric eels
  7 crimson imps
  A centaur zombie (Ossuary)
  17 starcursed masses (Abyss:3)
  2 hounds
  3 jellies
  16 orc priests
  A human zombie (Ossuary)
  42 orc wizards
  2 bullfrog skeletons
  6 iguanas
  15 worker ants
  A crocodile zombie (Lair:5)
  A killer bee zombie (D:6)
  4 ogre zombies (D:12)
  A hound skeleton (D:6)
  5 mummies (Ossuary)
  A worker ant zombie (D:6)
  4 gnolls
  10 adders
  2 shadow imps
  2 oozes (D:1)
  3 adder zombies
  An adder skeleton (D:4)
  4 worms
  A dart slug (D:4)
  3 leopard geckos
  52 orcs
  4 giant cockroaches
  5 hobgoblins
  12 jackals
  10 kobolds
  3 quokkas
  2 ball pythons
  5 bats
  2 frilled lizards
  7 goblins
  6 goblin zombies
  5 hobgoblin zombies
  A kobold zombie (Ossuary)
  2 orc skeletons (D:12)
  17 orc zombies (D:12)
  A quokka skeleton (D:6)
  6 rats
  16 briar patches (Swamp:1)
  2 plants (Lair:6)
929 creatures vanquished.

Vanquished Creatures (collateral kills)
  Asterion (Spider:1)
  5 hydras
  2 slime creatures (Swamp:4)
  3 wolf spiders
  An orc sorcerer (Orc:2)
  2 ugly things (D:14)
  An orb spider (Spider:1)
  A cyclops (D:11)
  A manticore (Lair:4)
  A moth of wrath (Spider:1)
  2 spiny frogs
  A torpor snail (Spider:1)
  2 rime drakes (Lair:4)
  A demonic crawler (Spider:2)
  A tengu conjurer (D:7)
  4 jumping spiders
  A blink frog (Lair:6)
  4 dream sheep (Lair:5)
  3 hippogriffs (Lair:4)
  2 flying skulls (Abyss:3)
  2 redbacks (Spider:1)
  2 basilisks
  A tarantella (Spider:2)
  4 wyverns (Lair:4)
  3 vampire mosquitoes
  A small abomination (Abyss:3)
  A water moccasin (Lair:6)
  An acid dragon (D:7)
  A swamp drake (Swamp:4)
  2 orc warriors
  A tengu (D:5)
  A necrophage (D:7)
  An ogre (Orc:2)
  2 wolves (Lair:6)
  3 centaurs (D:11)
  A crocodile (Lair:2)
  A bullfrog (D:12)
  A centaur zombie (D:7)
  A bullfrog zombie (D:7)
  2 starcursed masses (Abyss:3)
  An orc wizard (D:11)
  A worker ant (D:7)
  An orc (Orc:2)
  4 fungi (Lair:6)
  A plant (Lair:4)
79 creatures vanquished.

Vanquished Creatures (others)
  A hydra (Swamp:3)
  A spriggan druid (Swamp:4)
  2 moths of wrath
  An elephant (Spider:1)
  A komodo dragon (Lair:5)
  2 jumping spiders (Spider:1)
  A bog body (Swamp:3)
  2 blink frogs
  A tarantella (Spider:1)
  A black mamba skeleton (Abyss:3)
  A human (Spider:2)
  3 centaurs (D:11)
  4 wolves (Lair:6)
  A crocodile (Lair:6)
  A small abomination (Abyss:3)
  2 killer bees
  An electric eel (Lair:5)
  An orc priest (Orc:2)
  4 ball lightnings
  4 briar patches (Swamp:1)
  A fire vortex (Spider:1)
  7 fungi
  21 plants
64 creatures vanquished.

Grand Total: 1072 creatures vanquished

Notes
Turn   | Place    | Note
-------+----------+-------------------------------------------
     0 | D:1      | Ivernyr the Vine Stalker Fighter began the quest for the
                  | Orb.
     0 | D:1      | Reached XP level 1. HP: 11/11 MP: 2/2
   287 | D:1      | Reached XP level 2. HP: 14/16 MP: 1/3
  1096 | D:2      | Reached XP level 3. HP: 8/20 MP: 2/4
  1971 | D:3      | Gained mutation: Your natural rate of healing is unusually
                  | fast. [Vine Stalker growth]
  1971 | D:3      | Reached XP level 4. HP: 24/24 MP: 5/5
  1990 | D:3      | Found a faded altar of an unknown god.
  2523 | D:3      | Reached XP level 5. HP: 24/28 MP: 6/6
  2531 | D:3      | Reached skill level 1 in Dodging
  2642 | D:4      | Found a staircase to the Ecumenical Temple.
  2651 | Temple   | Entered the Ecumenical Temple
  2677 | Temple   | Became a worshipper of Nemelex Xobeh the Trickster
  2783 | D:4      | Received a gift from Nemelex Xobeh
  2871 | D:4      | Reached XP level 6. HP: 13/32 MP: 4/7
  3063 | D:4      | Found a sand-covered staircase.
  3068 | Ossuary  | Entered an ossuary
  3415 | D:4      | Reached XP level 7. HP: 18/37 MP: 4/8
  3898 | D:5      | Entered Level 5 of the Dungeon
  3999 | D:5      | Reached * piety under Nemelex Xobeh
  4090 | D:5      | Reached skill level 1 in Invocations
  4471 | D:5      | Found a blossoming altar of Fedhas.
  4744 | D:6      | Found a runed translucent door.
  4764 | D:6      | Noticed 1Viktor's ghost (novice GrFi)
  4772 | D:6      | Gained mutation: You have razor-sharp teeth. [Vine Stalker
                  | growth]
  4772 | D:6      | Reached XP level 8. HP: 35/42 MP: 8/10
  4786 | D:6      | Killed 1Viktor's ghost
  4964 | D:5      | Reached skill level 5 in Fighting
  4964 | D:5      | Reached skill level 5 in Shields
  5142 | D:6      | Received a gift from Nemelex Xobeh
  5173 | D:6      | Reached XP level 9. HP: 43/47 MP: 10/12
  5224 | D:6      | Reached skill level 5 in Long Blades
  5290 | D:6      | Found a sparkling altar of Nemelex Xobeh.
  5660 | D:6      | Reached ** piety under Nemelex Xobeh
  5696 | D:7      | Reached skill level 5 in Armour
  5905 | D:7      | Received a gift from Nemelex Xobeh
  6131 | D:7      | Noticed a tengu conjurer
  6132 | D:7      | Noticed a six-headed hydra
  6139 | D:7      | Killed a tengu conjurer
  6144 | D:7      | Killed a six-headed hydra
  6166 | D:7      | Identified the Grimoire of Unstable Stolen Souls
  6173 | D:7      | Got a transparent morningstar
  6174 | D:7      | Identified the +2 morningstar of Somewhere Else {freeze,
                  | rC+ Int+4} (You found it on level 7 of the Dungeon)
  6287 | D:7      | Reached skill level 5 in Invocations
  6287 | D:7      | Reached XP level 10. HP: 17/53 MP: 12/14
  7159 | D:8      | Found an ancient bone altar of Kikubaaqudgha.
  7588 | D:9      | Received a gift from Nemelex Xobeh
  7588 | D:9      | Found a runed translucent door.
  7589 | D:9      | Noticed Ananasrisotto's ghost (novice GrFi)
  7968 | D:9      | Received a gift from Nemelex Xobeh
  8482 | D:9      | Reached *** piety under Nemelex Xobeh
  8684 | D:10     | Entered Level 10 of the Dungeon
  8825 | D:10     | Noticed Nergalle
  8827 | D:10     | Killed Nergalle
  8848 | D:10     | Reached XP level 11. HP: 43/58 MP: 13/16
  8942 | D:10     | Noticed Urug
  8944 | D:10     | Noticed Urug
  8944 | D:10     | Urug changed into Urug the hippogriff
  8949 | D:10     | Killed Urug the hippogriff
  8997 | D:10     | Noticed Joseph
  8999 | D:10     | Noticed Joseph
  8999 | D:10     | Joseph changed into Joseph the wyvern
  9005 | D:10     | Killed Joseph the wyvern
  9431 | D:11     | Received a gift from Nemelex Xobeh
  9452 | D:11     | Noticed a cyclops
  9468 | D:11     | Noticed a moth of wrath
  9468 | D:11     | a cyclops changed into a moth of wrath
  9469 | D:11     | Killed a moth of wrath
  9479 | D:11     | You fall through a shaft!
  9484 | D:12     | Noticed a cyclops
  9882 | D:11     | Noticed a cyclops
  9897 | D:11     | Killed a cyclops
  9922 | D:11     | Received a gift from Nemelex Xobeh
  9940 | D:11     | Identified the Papyrus of the Manifold Scars
 10059 | D:11     | Reached **** piety under Nemelex Xobeh
 10341 | D:11     | Found Qerghi's Antique Armour Shoppe.
 10618 | D:11     | Found a staircase to the Lair.
 10870 | Lair:1   | Entered Level 1 of the Lair of Beasts
 10970 | Lair:1   | Received a gift from Nemelex Xobeh
 11588 | Lair:1   | Received a gift from Nemelex Xobeh
 11844 | Lair:1   | Gained mutation: You heal very quickly. [Vine Stalker
                  | growth]
 11844 | Lair:1   | Reached XP level 12. HP: 19/65 MP: 8/18
 11895 | Lair:1   | Received a gift from Nemelex Xobeh
 12245 | Lair:2   | Reached ***** piety under Nemelex Xobeh
 12431 | Lair:2   | Received a gift from Nemelex Xobeh
 12700 | Lair:2   | Noticed a five-headed hydra
 12717 | Lair:2   | Killed a five-headed hydra
 13021 | Lair:2   | Received a gift from Nemelex Xobeh
 13563 | Lair:3   | Received a gift from Nemelex Xobeh
 13753 | Lair:3   | Found a hole to the Spider Nest.
 13865 | Lair:3   | Found a staircase to the Swamp.
 14032 | Lair:3   | Received a gift from Nemelex Xobeh
 14627 | Lair:4   | Received a gift from Nemelex Xobeh
 14989 | Lair:4   | Noticed a four-headed hydra
 14997 | Lair:4   | Killed a four-headed hydra
 14997 | Lair:4   | Reached XP level 13. HP: 53/70 MP: 14/20
 15454 | Lair:4   | Received a gift from Nemelex Xobeh
 15805 | Lair:5   | Received a gift from Nemelex Xobeh
 16210 | Lair:5   | Reached skill level 10 in Fighting
 16210 | Lair:5   | Reached skill level 10 in Shields
 16770 | Lair:6   | Entered Level 6 of the Lair of Beasts
 16880 | Lair:6   | Found a staircase to the Slime Pits.
 16880 | Lair:6   | Found a viscous altar of Jiyva.
 16959 | Lair:6   | Identified a scroll of acquirement
 17013 | Lair:6   | Reached skill level 10 in Invocations
 17091 | Lair:6   | Received a gift from Nemelex Xobeh
 17121 | Lair:6   | Reached skill level 10 in Long Blades
 17300 | Lair:6   | Reached XP level 14. HP: 62/77 MP: 22/22
 17552 | Lair:6   | Reached ****** piety under Nemelex Xobeh
 17722 | Lair:6   | Paralysed by a hornet for 3 turns
 17948 | Lair:6   | Found a runed translucent door.
 18607 | D:12     | Found a staircase to the Orcish Mines.
 18699 | D:12     | Received a gift from Nemelex Xobeh
 18701 | D:12     | Noticed Jorgrun
 18715 | D:12     | Killed Jorgrun
 18873 | D:13     | Found a runed translucent door.
 18915 | D:13     | Received a gift from Nemelex Xobeh
 19003 | D:13     | Got a crystal hand axe
 19004 | D:13     | Identified the cursed +0 hand axe "Dyemuf" {flame, rElec}
                  | (You found it on level 13 of the Dungeon)
 19047 | D:13     | Reached skill level 10 in Armour
 19055 | D:13     | Received a gift from Nemelex Xobeh
 19352 | D:13     | Found a runed translucent door.
 19354 | D:13     | Found a runed translucent door.
 19754 | Orc:1    | Entered Level 1 of the Orcish Mines
 20064 | Orc:1    | Received a gift from Nemelex Xobeh
 20128 | Orc:2    | Entered Level 2 of the Orcish Mines
 20128 | Orc:2    | Found a radiant altar of Vehumet.
 20525 | Orc:2    | Found Izunolao's General Store.
 20525 | Orc:2    | Found Mohujonybi's Jewellery Emporium.
 20525 | Orc:2    | Found Webruff's Book Emporium.
 20542 | Orc:2    | Found Elivy's Antique Armour Shoppe.
 20569 | Orc:2    | Reached XP level 15. HP: 83/83 MP: 24/24
 20577 | Orc:2    | Bought the +2 shield of Resistance {rF+ rC+ MR+} for 1150
                  | gold pieces
 20577 | Orc:2    | Found the +2 shield of Resistance {rF+ rC+ MR+}
 20593 | Orc:2    | Bought a +4 chain mail of poison resistance for 370 gold
                  | pieces
 20777 | Orc:2    | Found a frozen archway.
 20802 | IceCv    | Entered an ice cave
 20830 | IceCv    | Received a gift from Nemelex Xobeh
 20949 | IceCv    | Got a flickering amethyst amulet
 20963 | IceCv    | Identified the amulet of Fetuseph {RegenMP Slay+3 SInv}
                  | (You found it in an ice cave)
 21049 | Orc:2    | Found a staircase to the Elven Halls.
 21591 | D:14     | Found a gate to the Vaults.
 21889 | D:14     | Noticed Agnes
 21903 | D:14     | Killed Agnes
 21980 | D:14     | Noticed Rupert
 21991 | D:14     | Killed Rupert
 22130 | D:14     | Received a gift from Nemelex Xobeh
 22255 | D:15     | Entered Level 15 of the Dungeon
 22490 | D:15     | Identified Roxanne's Almanac of the Mountains
 22490 | D:15     | Noticed Roxanne
 22542 | D:15     | Killed Roxanne
 22696 | D:15     | Noticed Louise
 22719 | D:15     | Received a gift from Nemelex Xobeh
 22795 | D:15     | Noticed Josephine
 22802 | D:15     | Killed Josephine
 22863 | D:15     | Found a staircase to the Depths.
 23147 | D:15     | Cast into level 3 of the Abyss (Louise)
 23292 | Abyss:3  | Received a gift from Nemelex Xobeh
 23384 | Abyss:3  | Found a corrupted altar of Lugonu.
 23618 | Abyss:3  | Reached XP level 16. HP: 88/88 MP: 26/26
 23704 | Abyss:3  | Found a corrupted altar of Lugonu.
 23801 | D:15     | Escaped the Abyss
 23814 | D:15     | Killed Louise
 24039 | Swamp:1  | Entered Level 1 of the Swamp
 24138 | Swamp:1  | Received a gift from Nemelex Xobeh
 24388 | Swamp:1  | Noticed a thorn hunter
 24752 | Swamp:1  | Killed a thorn hunter
 25098 | Swamp:2  | Received a gift from Nemelex Xobeh
 25840 | Swamp:2  | Received a gift from Nemelex Xobeh
 25925 | Swamp:3  | Noticed a thorn hunter
 25940 | Swamp:3  | Killed a thorn hunter
 26100 | Swamp:3  | Noticed a thorn hunter
 26121 | Swamp:3  | Killed a thorn hunter
 26390 | Swamp:4  | Entered Level 4 of the Swamp
 26390 | Swamp:4  | Noticed a thorn hunter
 26403 | Swamp:4  | Killed a thorn hunter
 26573 | Swamp:3  | Reached XP level 17. HP: 88/94 MP: 27/27
 27286 | Swamp:4  | Received a gift from Nemelex Xobeh
 27333 | Swamp:4  | Got a decaying rune of Zot
 27752 | Spider:1 | Entered Level 1 of the Spider Nest
 27753 | Spider:1 | Upgraded the game from 0.23.2-30-g0e89c35649 to
                  | 0.23.2-32-g37ab1d4649
 27793 | Spider:1 | Noticed Asterion
 27810 | Spider:1 | Killed Asterion
 28161 | Spider:1 | Received a gift from Nemelex Xobeh
 28504 | Spider:2 | Noticed Azrael
 28531 | Spider:2 | Killed Azrael
 28602 | Spider:2 | Noticed Kirke
 28618 | Spider:2 | Killed Kirke
 28704 | Spider:2 | HP: 3/95 [redback (5)]
 28704 | Spider:2 | Mangled by a tarantella

Skill      XL: |  1  2  3  4  5  6  7  8  9 10 11 12 13 14 15 16 17 |
---------------+----------------------------------------------------+-----
Long Blades    | 2 3 4 5 7 8 9 10 11 12 13 | 13.2
Fighting       | 3 4 5 6 7 8 9 10 11 12 13 | 13.3
Shields        | 3 4 5 6 7 8 9 10 11 12 13 | 13.3
Armour         | 3 4 5 6 7 8 9 10 11 12 | 12.3
Dodging        | 1 2 |  2.0
Invocations    | 1 3 5 6 7 9 10 11 12 13 | 13.7

Action                   |  1- 3 |  4- 6 |  7- 9 | 10-12 | 13-15 | 16-18 || total
-------------------------+-------+-------+-------+-------+-------+-------++-------
Melee: Long sword        |    81 |   186 |   267 |   902 |   330 |       ||  1766
       Bite              |    21 |    63 |    95 |   391 |   590 |   296 ||  1456
       Scimitar          |       |       |       |       |   984 |   692 ||  1676
       Great sword       |       |       |       |       |    20 |       ||    20
Invok: Triple Draw       |       |       |       |     1 |     2 |     1 ||     4
       Deal Four         |       |       |       |       |       |     1 ||     1
 Abil: Draw Destruction  |       |     3 |     5 |    30 |    39 |    41 ||   118
       Draw Summoning    |       |       |     3 |     7 |    11 |     6 ||    27
       Draw Escape       |       |       |     1 |     1 |     4 |     2 ||     8
  Use: Potion            |       |       |     2 |       |     1 |     4 ||     7
       Scroll            |       |       |       |     8 |    21 |    10 ||    39
 Stab: Distracted        |       |       |     1 |     3 |     2 |       ||     6
       Petrified         |       |       |       |       |     3 |       ||     3
       Paralysed         |       |       |       |       |     2 |       ||     2
       Confused          |       |       |       |       |       |     1 ||     1
  Eat: Chunk             |     3 |     5 |     6 |    30 |    27 |    12 ||    83
       Ration            |       |       |     1 |       |     1 |     2 ||     4
Armor: Scale mail        |    34 |    50 |    95 |   215 |   144 |       ||   538
       Troll leather arm |       |       |       |     9 |    99 |       ||   108
       Chain mail        |       |       |       |       |   137 |   431 ||   568
Dodge: Dodged            |    19 |    53 |    96 |   277 |   397 |   254 ||  1096
       Deflected         |       |     2 |       |     3 |    21 |    17 ||    43
Block: Shield            |    47 |    87 |   149 |   506 |   691 |   551 ||  2031
       Rpst.: Long sword |     6 |    12 |    33 |    89 |    38 |       ||   178
       Great sword       |       |       |       |       |    10 |       ||    10
       Scimitar          |       |       |       |       |    60 |    27 ||    87
